 Dungeon Crawl Stone Soup version 0.23-a0-494-g91793a9 (webtiles) character file.

5628 zishaf the Fighter (level 10, 0/58 HPs)
             Began as a Vine Stalker Transmuter on Dec 4, 2018.
             Was a Priest of the Shining One.
             Slain by a sixfirhy (7 damage)
             ... on level 9 of the Dungeon.
             The game lasted 00:15:34 (6843 turns).

zishaf the Fighter (Vine Stalker Transmuter)        Turns: 6843, Time: 00:15:34

Health: 0/58       AC: 10    Str: 18    XL:     10   Next: 74%
Magic:  0/14       EV: 15    Int: 15    God:    the Shining One [***...]
Gold:   607        SH: 12    Dex: 15    Spells: 5/13 levels left

rFire    . . .     SeeInvis .   I - +8 mace of Ru's Hatred {elec, -Tele Str+4}
rCold    . . .     Gourm    .   (no shield)
rNeg     + . .     Faith    .   K - +1 leather armour {MR+}
rPois    .         Spirit   +   m - +2 helmet
rElec    .         Reflect  +   L - +2 cloak
rCorr    .         Harm     .   (no gloves)
MR       +++..     NoTele   +   (no boots)
Stlth    +.........             C - +5 amulet of reflection
HPRegen  0.59/turn              w - ring of flight
MPRegen  0.14/turn              D - ring of protection from magic

@: divine shield, glowing, studying Staves
A: fangs 3, regeneration 1, magic shield, antimagic bite, no potion heal 3, rot
immunity
a: Divine Shield, Renounce Religion, Evoke Flight


You were on level 9 of the Dungeon.
You worshipped the Shining One.
The Shining One was most pleased with you.
You were not hungry.

You visited 1 branch of the dungeon, and saw 9 of its levels.

You collected 607 gold pieces.

Inventory:

Hand Weapons
 g - a +2 spear of piercing
 I - the +8 mace of Ru's Hatred (weapon) {elec, -Tele Str+4}
   (You found it on level 6 of the Dungeon)

   Occasionally, upon striking a foe, it will discharge some electrical energy
   and cause terrible harm.
   It affects your strength (+4).
   It prevents most forms of teleportation.
Missiles
 a - 205 arrows
 r - 8 curare-tipped needles
 s - 26 poisoned needles
 t - 8 needles of frenzy
Armour
 m - a +2 helmet (worn)
 K - a +1 leather armour of magic resistance (worn)
 L - a +2 cloak (worn)
Jewellery
 w - a ring of flight (left hand)
 C - a +5 amulet of reflection (around neck)
 D - a ring of protection from magic (right hand)
 O - a +4 ring of protection {unknown}
Wands
 M - a wand of digging (6)
Scrolls
 b - a scroll of blinking
 e - 5 scrolls of remove curse {unknown}
 f - 2 scrolls of enchant weapon {unknown}
 k - 4 scrolls of teleportation
 l - 2 scrolls of magic mapping {unknown}
 q - 3 scrolls of enchant armour {unknown}
 v - 2 scrolls of fear
 y - 2 scrolls of amnesia
 z - a scroll of holy word {unknown}
 A - a scroll of summoning
 B - a scroll of immolation
 F - 2 scrolls of random uselessness {unknown}
 H - a scroll of fog {unknown}
 N - a scroll of identify
Potions
 c - a potion of flight {unknown}
 h - 2 potions of agility {unknown}
 i - 3 potions of lignification
 j - a potion of haste {unknown}
 n - 2 potions of curing
 o - 2 potions of cancellation {unknown}
 p - a potion of heal wounds {unknown}
 u - a potion of degeneration {unknown}
 x - 2 potions of resistance {unknown}
 J - a potion of brilliance {unknown}
 P - a potion of magic {unknown}
Books
 G - a manual of Staves
Comestibles
 d - 20 rations
 E - 15 chunks of flesh


   Skills:
 * Level 9.6 Fighting
 * Level 3.8 Armour
 - Level 6.0 Dodging
 - Level 3.0 Unarmed Combat
 - Level 2.1 Spellcasting
 + Level 7.6 Transmutations
 + Level 3.1 Invocations


You had 5 spell levels left.
You knew the following spells:

 Your Spells              Type           Power        Failure   Level  Hunger
a - Beastly Appendage     Tmut           ###...       1%          1    #......
b - Sticks to Snakes      Tmut           ###.....     1%          2    ###....
c - Blade Hands           Tmut           ###.......   30%         5    ######.

Your spell library contained the following spells:

 Spells                   Type           Power        Failure   Level  Hunger
 Spider Form              Tmut/Pois      ##........   16%         3    ###....
 Animate Skeleton         Necr           N/A          26%         1    #......
 Apportation              Tloc           #.....       26%         1    #......
 Confusing Touch          Hex            #.....       26%         1    #......
 Summon Small Mammal      Summ           #...         26%         1    #......
 Ice Form                 Ice/Tmut       ##......     47%         4    #####..
 Petrify                  Tmut/Erth      ##......     47%         4    #####..
 Confuse                  Hex            #.......     61%         3    ###....
 Gell's Gravitas          Tloc           #.........   61%         3    ###....
 Yara's Violent Unravell  Hex/Tmut       ##........   83%         5    ######.
 Metabolic Englaciation   Hex/Ice        #.........   100%        5    ######.


Dungeon Overview and Level Annotations

Branches:
Dungeon (9/15)             Temple (0/1) D:6            Lair (0/6) D:9
    Orc: D:9-12

Altars:
Cheibriados
Elyvilon
Hepliaklqana
Okawaru
Uskayaw
Yredelemnul
The Shining One


Innate Abilities, Weirdness & Mutations

You have razor-sharp teeth.
Your natural rate of healing is unusually fast.
When hurt, damage is shared between your health and your magic reserves.
Your bite disrupts and absorbs the magic of your enemies.
Potions cannot restore your health.
You are immune to rotting.


Message History

You block the sixfirhy's attack. The sixfirhy barely misses you.
The sixfirhy closely misses you. You block the sixfirhy's attack.
The sixfirhy hits you but does no damage.
You hit the sixfirhy. You bite the sixfirhy! You drain its power.
You feel invigorated.
The sixfirhy is heavily wounded.
You block the sixfirhy's attack. The sixfirhy misses you.
The sixfirhy hits you. The sixfirhy shocks you!
You barely miss the sixfirhy.
The sixfirhy is moderately wounded.
You hit the sixfirhy. Your bite misses the sixfirhy.
The sixfirhy is moderately wounded.
The sixfirhy hits you. The sixfirhy shocks you! The sixfirhy hits you.
The sixfirhy shocks you!
* * * LOW HITPOINT WARNING * * *
The sixfirhy hits you but does no damage.
The sixfirhy completely misses you. The sixfirhy hits you!
* * * LOW HITPOINT WARNING * * *
The sixfirhy shocks you!
You die...

#.......####...........#
#..
######...###########...#
#.. #.#....# #...# ###..
######...##.# #...# #....
....#######.#
#####...######.#.. ....##
####.####...........##.#..
.....#
#.........................
.....#
#.##..#.#...........##.#.#
.....#
#.##..#..@..#...######.#.#
####.# #.##..#.#3#......#
#.... #
#.###.##..#.#(#.#....#
###.. #
#........#..###.#....# ##.
# ########..#.....#..#.#
#. # ##...##
#.####..##.##.# #.
###.....###.# ##.##.##.#
#. ......^.รท...#
#.......# #. ###.....#####
####.###########.


You could see a sixfirhy.

Vanquished Creatures
  Psyche (D:8)
  Eustachio (D:6)
  A spriggan (D:7)
  4 yaks (D:9)
  Duvessa (D:6)
  3 ice beasts
  3 black bears
  4 orc warriors
  3 sky beasts
  6 ogres
  3 centaurs (D:9)
  7 bullfrogs
  Dowan (D:6)
  3 scorpions
  6 killer bees
  2 howler monkeys (D:5)
  A centaur zombie (D:6)
  2 crimson imps
  3 hounds
  A quasit (D:9)
  A bullfrog zombie (D:7)
  A jelly (D:7)
  A gnoll shaman (D:9)
  6 orc priests
  5 worker ants
  Natasha (twice) (D:3)
  3 iguanas
  8 orc wizards
  A hound skeleton (D:6)
  2 worker ant zombies (D:8)
  15 adders
  7 gnolls
  A howler monkey skeleton (D:6)
  2 shadow imps
  An ooze (D:4)
  2 adder skeletons
  3 worms
  4 dart slugs
  4 leopard geckos
  29 orcs
  A ball python (D:3)
  4 giant cockroaches
  13 goblins
  2 hobgoblins (D:1)
  7 jackals
  5 quokkas
  A ball python skeleton (D:4)
  8 bats
  3 frilled lizards (D:1)
  A jackal skeleton (D:5)
  5 kobolds
  A leopard gecko skeleton (D:4)
  A quokka skeleton (D:4)
  6 rats
  A spectral orc (D:5)
213 creatures vanquished.

Vanquished Creatures (others)
  A centaur (D:7)
1 creature vanquished.

Grand Total: 214 creatures vanquished

Notes
Turn   | Place    | Note
-------+----------+-------------------------------------------
     0 | D:1      | zishaf the Vine Stalker Transmuter began the quest for the
                  | Orb.
     0 | D:1      | Reached XP level 1. HP: 9/9 MP: 4/4
   115 | D:1      | Reached skill level 1 in Fighting
   425 | D:1      | Reached XP level 2. HP: 14/14 MP: 6/6
   433 | D:1      | Learned a level 2 spell: Sticks to Snakes
   686 | D:1      | Reached XP level 3. HP: 14/18 MP: 5/7
   791 | D:1      | Reached skill level 2 in Fighting
  1038 | D:2      | Gained mutation: Your natural rate of healing is unusually
                  | fast. [Vine Stalker growth]
  1038 | D:2      | Reached XP level 4. HP: 6/23 MP: 5/8
  1489 | D:2      | Found a glowing golden altar of the Shining One.
  1538 | D:2      | Became a worshipper of the Shining One
  1797 | D:3      | Reached skill level 3 in Fighting
  1797 | D:3      | Reached XP level 5. HP: 28/28 MP: 9/9
  1926 | D:3      | Noticed Natasha
  1934 | D:3      | Killed Natasha
  2054 | D:3      | Noticed Natasha
  2061 | D:3      | Killed Natasha
  2061 | D:3      | Reached XP level 6. HP: 28/33 MP: 6/10
  2063 | D:3      | Found a faded altar of an unknown god.
  2183 | D:3      | Found a hazy altar of Hepliaklqana.
  2284 | D:3      | Found a white marble altar of Elyvilon.
  2457 | D:4      | Reached skill level 4 in Fighting
  2629 | D:4      | Reached * piety under the Shining One
  2822 | D:4      | Reached XP level 7. HP: 38/38 MP: 11/11
  3291 | D:5      | Entered Level 5 of the Dungeon
  3291 | D:5      | Found a hide-covered altar of Uskayaw.
  3291 | D:5      | Noticed a +0 hand axe
  3291 | D:5      | Noticed a +0 hand axe
  3331 | D:5      | HP: 1/38 [iguana (4)]
  3344 | D:5      | Reached skill level 5 in Fighting
  3468 | D:5      | Learned a level 5 spell: Blade Hands
  3762 | D:5      | Found a basalt altar of Yredelemnul.
  4088 | D:5      | Gained mutation: You have razor-sharp teeth. [Vine Stalker
                  | growth]
  4088 | D:5      | Reached XP level 8. HP: 23/44 MP: 6/12
  4233 | D:6      | Reached skill level 6 in Fighting
  4236 | D:6      | Reached skill level 5 in Transmutations
  4242 | D:6      | Reached ** piety under the Shining One
  4286 | D:6      | Got a warped mace
  4287 | D:6      | Identified the +8 mace of Ru's Hatred {elec, -Tele Str+4}
                  | (You found it on level 6 of the Dungeon)
  4434 | D:6      | Found a staircase to the Ecumenical Temple.
  4485 | D:6      | Noticed Eustachio
  4501 | D:6      | Killed Eustachio
  4503 | D:6      | Reached skill level 7 in Fighting
  4668 | D:7      | Reached XP level 9. HP: 50/50 MP: 13/13
  4876 | D:7      | Noticed Duvessa
  4876 | D:7      | Noticed Dowan
  4902 | D:6      | Killed Duvessa
  4902 | D:6      | Reached skill level 5 in Dodging
  4904 | D:6      | Killed Dowan
  4973 | D:7      | Reached skill level 8 in Fighting
  5084 | D:7      | Found an iron altar of Okawaru.
  5097 | D:7      | Found a white marble altar of Elyvilon.
  5102 | D:7      | Found a snail-covered altar of Cheibriados.
  5134 | D:7      | Reached *** piety under the Shining One
  5234 | D:7      | Found an iron altar of Okawaru.
  5580 | D:8      | Reached skill level 1 in Armour
  5586 | D:8      | Reached skill level 1 in Invocations
  5596 | D:8      | Reached XP level 10. HP: 32/57 MP: 11/14
  5827 | D:8      | Reached skill level 9 in Fighting
  5945 | D:8      | Noticed Psyche
  5950 | D:8      | Killed Psyche
  6199 | D:9      | Found a staircase to the Lair.
  6320 | D:9      | Noticed a sixfirhy
  6322 | D:9      | Found a runed door.
  6712 | D:9      | Reached **** piety under the Shining One
  6843 | D:9      | Slain by a sixfirhy

Vault maps used:
D:1:      dpeg_arrival_radiant, serial_park_tiny_2
D:2:      nicolae_overflow_crystal_walls, first_ration
D:3:      lemuel_doored_altar, chequers_ecumenical_altar_simple,
          elyvilon_altar_4, uniq_natasha
D:4:      minivault_14
D:5:      yredelemnul_forgotten_temple_becter, dancing_weapons_uskayaw,
          due_unseen_surprise
D:6:      lemuel_temple_firewalk_b, st_stairs_1, minmay_manual_mess,
          uniq_eustachio
D:7:      grunt_temple_overflow_open, the_bakery, okawaru_gym_becter,
          uniq_duvessa
D:8:      uniq_psyche
D:9:      cheibrodos_shockbox, lair_entry_dummy

Skill      XL: |  1  2  3  4  5  6  7  8  9 10 |
---------------+-------------------------------+-----
Fighting       | 1 2 3 4 5 7 8 9 |  9.6
Dodging        | 2 3 4 5 6 |  6.0
Transmutations | 3 4 5 7 |  7.6
Armour         | 1 3 |  3.8
Invocations    | 1 3 |  3.1
Unarmed Combat | |  3.0
Spellcasting   | |  2.1

Action                   |  1- 3 |  4- 6 |  7- 9 | 10-12 || total
-------------------------+-------+-------+-------+-------++-------
Melee: Unarmed           |     9 |       |       |       ||     9
       Spear             |    59 |   175 |   158 |       ||   392
       Bite              |    11 |    34 |    72 |    26 ||   143
       Punch             |     1 |       |     3 |     1 ||     5
       Mace              |       |       |   134 |   102 ||   236
 Cast: Beastly Appendage |       |     4 |       |       ||     4
Invok: Divine Shield     |       |       |       |     1 ||     1
  Use: Potion            |       |     1 |     1 |       ||     2
       Scroll            |       |       |     7 |       ||     7
 Stab: Sleeping          |     7 |       |       |       ||     7
  Eat: Chunk             |       |     6 |    10 |     4 ||    20
Armor: Robe              |     8 |       |       |       ||     8
       Skin              |       |    27 |     3 |       ||    30
       Ring mail         |       |    34 |    38 |       ||    72
       Leather armour    |       |       |    19 |    34 ||    53
Dodge: Dodged            |    26 |    81 |   165 |    94 ||   366
Block: Other             |       |       |    53 |    33 ||    86
       Reflection        |       |       |     2 |       ||     2

Table legend:
 A = Non-vault XP
 B = Vault XP
 C = Vault XP percentage of total XP
 D = Non-vault monster count
 E = Vault monster count
 F = Vault count percentage of total count
                 A         B        C        D         E       F
            +---------+---------+-------+---------+---------+-------
      Total |    6590 |    1450 |  18.0 |     201 |      13 |   6.1
            +---------+---------+-------+---------+---------+-------
        D:1 |      42 |       0 |   0.0 |      22 |       0 |   0.0
        D:2 |      92 |       0 |   0.0 |      18 |       0 |   0.0
        D:3 |     233 |      35 |  13.1 |      33 |       1 |   2.9
        D:4 |     316 |       0 |   0.0 |      20 |       0 |   0.0
        D:5 |     438 |       1 |   0.2 |       9 |       1 |  10.0
        D:6 |     603 |     765 |  55.9 |      20 |       9 |  31.0
        D:7 |    1526 |     201 |  11.6 |      27 |       1 |   3.6
        D:8 |    1368 |     448 |  24.7 |      27 |       1 |   3.6
        D:9 |    1972 |       0 |   0.0 |      25 |       0 |   0.0
            +---------+---------+-------+---------+---------+-------
